 Dungeon Crawl Stone Soup version 0.27.1-37-g7b29ead8ac (console) character file.

Game seed: 6767431618733195937

419236 grimtooth the Bewitcher (level 24, -1/150 HPs)
             Began as a Kobold Artificer on Sept 2, 2023.
             Was a High Priest of Elyvilon.
             Slain by a white very ugly thing (19 damage)
             ... on level 3 of the Depths on Sept 18, 2023.
             The game lasted 08:31:47 (78188 turns).

grimtooth the Bewitcher (Kobold Artificer)         Turns: 78188, Time: 08:31:47

Health: -1/150     AC: 20    Str: 16    XL:     24   Next: 82%
Magic:  20/34      EV: 24    Int: 27    God:    Elyvilon [*****.]
Gold:   3787       SH: 12    Dex: 21    Spells: 12/35 levels left

rFire    . . .     SeeInvis +   b - +5 rapier (venom)
rCold    . . .     Faith    .   x - +0 buckler
rNeg     . . .     Spirit   .   P - quicksilver dragon scales
rPois    .         Reflect  +   D - +2 helmet {Int+3}
rElec    +         Harm     .   t - +2 cloak of the Thief {*Fog Slay-2 SInv Stlth+}
rCorr    .         Rampage  .   V - +0 pair of gloves
Will     +++..                  q - +2 pair of boots
Stlth    +++++++++.             M - amulet of reflection
HPRegen  0.35/turn              w - ring of Serreuxt {rElec Will+}
MPRegen  0.24/turn              E - ring of Feycim {Int+6 Dex+5 Stlth+, =R}

@: confusing by touch, studying Short Blades
A: small, no large weapons, nightstalker 3, deformed body, strong 1
}: 2/15 runes: serpentine, barnacled
a: Renounce Religion, Lesser Healing, Heal Other, Purification, Greater Healing,
Divine Vigour, Divine Protection


You were on level 3 of the Depths.
You worshipped Elyvilon.
Elyvilon was extremely pleased with you.
You visited 9 branches of the dungeon, and saw 42 of its levels.
You also visited: Sewer, Ossuary, Bailey, Ice Cave and Wizlab.

You collected 6716 gold pieces.
You spent 2929 gold pieces at shops.

Inventory:

Hand Weapons
 a - the +7 Spriggan's Knife {stab, EV+4 Stlth+}
   (You acquired it on level 4 of the Snake Pit)

   It is more effective when stabbing unaware enemies, treating them as though
   they were completely helpless.
   EV:        It affects your evasion (+4).
   Stlth:     It makes you more stealthy.
 b - a +5 rapier of venom (weapon)
Missiles
 F - 2 curare-tipped darts
 L - 70 poisoned darts (quivered)
 Z - 4 throwing nets {=f}
Armour
 q - a +2 pair of boots (worn)
 t - the +2 cloak of the Thief (worn) {*Fog Slay-2 SInv Stlth+}
   (You found it on level 3 of the Elven Halls)

   It may release a thick cloud of smoke when the wearer is hurt.
   Slay:      It affects your accuracy & damage with ranged weapons and melee
   (-2).
   SInv:      It lets you see invisible.
   Stlth:     It makes you more stealthy.
 x - a +0 buckler (worn)
 D - a +2 helmet of intelligence (worn)
 N - a scarf of resistance
 P - quicksilver dragon scales (worn)
 V - a +0 pair of gloves (worn)
Jewellery
 d - the ring of Biet {rPois rCorr Int+6 Dex+6 Slay-2}
   (You found it in a wizard's laboratory)

   [ring of dexterity]

   Int:       It affects your intelligence (+6).
   Dex:       It affects your dexterity (+6).
   Slay:      It affects your accuracy & damage with ranged weapons and melee
   (-2).
   rPois:     It protects you from poison.
   rCorr:     It protects you from acid and corrosion.
 w - the ring of Serreuxt (left hand) {rElec Will+}
   (You found it on level 2 of the Snake Pit)

   [ring of willpower]

   rElec:     It insulates you from electricity.
   Will:      It increases your willpower.
 E - the ring of Feycim (right hand) {Int+6 Dex+5 Stlth+, =R}
   (You found it on level 5 of the Dungeon)

   [ring of intelligence]

   Int:       It affects your intelligence (+6).
   Dex:       It affects your dexterity (+5).
   Stlth:     It makes you more stealthy.
 M - an amulet of reflection (around neck)
 Q - a ring of protection from cold
 U - a ring of fire
Wands
 c - a wand of mindburst (19)
 e - a wand of charming (1)
 h - a wand of flame (63)
 s - a wand of paralysis (36)
 I - a wand of digging (8)
 J - a wand of polymorph (33)
Scrolls
 g - 2 scrolls of silence
 p - 2 scrolls of blinking
 u - 5 scrolls of vulnerability
 v - 5 scrolls of magic mapping
 y - 5 scrolls of teleportation
 G - 6 scrolls of fear
 H - 12 scrolls of fog
 K - 9 scrolls of summoning
Potions
 f - 4 potions of cancellation
 j - 12 potions of curing
 k - 3 potions of might
 l - 2 potions of resistance
 n - a potion of magic
 r - 9 potions of haste
 z - 4 potions of ambrosia
 B - a potion of brilliance
 O - a potion of invisibility
 R - 6 potions of heal wounds
 T - 5 potions of flight
Miscellaneous
 i - a tin of tremorstones (1/2)
 m - a piece from Xom's chessboard (15/15)
 o - a tin of tremorstones (1/2)
 A - a box of beasts
 X - a phial of floods (inert)
 Y - a lightning rod (4/4)


   Skills:
 - Level 15.0 Fighting
 + Level 17.4(17.8) Short Blades
 + Level 4.4(9.0) Long Blades
 - Level 10.0 Armour
 - Level 15.0 Dodging
 - Level 18.0 Stealth
 - Level 6.0 Shields
 - Level 6.0 Spellcasting
 - Level 18.0 Hexes
 - Level 9.0 Translocations
 - Level 9.0 Transmutations
 - Level 15.0 Invocations
 - Level 15.0 Evocations


You had 12 spell levels left.
You knew the following spells:

 Your Spells              Type           Power      Damage    Failure   Level
a - Tukima's Dance        Hex            81%        N/A       1%          3
b - Lesser Beckoning      Tloc           27%        N/A       1%          3
k - Blink                 Tloc           N/A        N/A       1%          2
p - Apportation           Tloc           100%       N/A       1%          1
v - Invisibility          Hex            40%        N/A       1%          6
x - Confusing Touch       Hex            81%        N/A       1%          3
y - Yara's Violent Unrav  Hex/Tmut       34%        3d14      1%          5

Your spell library contained the following spells:

 Spells                   Type           Power      Damage    Failure   Level
 Corona                   Hex            90%        N/A       0%          1
 Slow                     Hex            81%        N/A       0%          2
 Beastly Appendage        Tmut           100%       N/A       1%          1
 Sting                    Tmut/Pois      100%       1d8       1%          1
 Wereblood                Tmut           54%        N/A       1%          2
 Dazzling Flash           Conj/Hex       100%       N/A       1%          3
 Gell's Gravitas          Tloc           27%        N/A       1%          3
 Inner Flame              Hex/Fire       54%        N/A       1%          3
 Summon Guardian Golem    Hex/Summ       54%        N/A       1%          3
 Teleport Other           Tloc           54%        N/A       1%          3
 Passwall                 Tmut/Erth      26%        N/A       2%          2
 Leda's Liquefaction      Hex/Erth       27%        N/A       2%          4
 Passage of Golubria      Tloc           N/A        N/A       2%          4
 Spider Form              Tmut/Pois      16%        N/A       4%          3
 Blade Hands              Tmut           27%        N/A       8%          5
 Manifold Assault         Tloc           54%        N/A       8%          5
 Metabolic Englaciation   Hex/Ice        27%        N/A       8%          5
 Silence                  Hex/Air        27%        N/A       8%          5
 Summon Mana Viper        Hex/Summ       54%        N/A       8%          5
 Ignite Poison            Fire/Tmut/Pois 24%        N/A       10%         3
 Animate Skeleton         Necr           16%        N/A       11%         1
 Foxfire                  Conj/Fire      32%        2x1d5     11%         1
 Sandblast                Erth           16%        2d6       11%         1
 Summon Small Mammal      Summ           32%        N/A       11%         1
 Poisonous Vapours        Pois/Air       16%        N/A       16%         2
 Static Discharge         Conj/Air       8%         N/A       16%         2
 Sublimation of Blood     Necr           4%         N/A       16%         2
 Ice Form                 Ice/Tmut       32%        N/A       17%         4
 Iskenderun's Mystic Bla  Conj/Tloc      32%        2d8       17%         4
 Petrify                  Tmut/Erth      32%        N/A       17%         4
 Call Canine Familiar     Summ           8%         N/A       32%         3
 Conjure Flame            Conj/Fire      8%         6-21      32%         3
 Frozen Ramparts          Ice            16%        1d3       32%         3
 Ozocubu's Armour         Ice            8%         N/A       32%         3
 Stone Arrow              Conj/Erth      16%        3d8       32%         3
 Vampiric Draining        Necr           4%         2d6       32%         3
 Alistair's Intoxication  Tmut/Pois      21%        N/A       43%         5
 Irradiate                Conj/Tmut      16%        3d19      43%         5
 Summon Forest            Summ/Tloc      16%        N/A       43%         5
 Animate Armour           Summ/Erth      16%        N/A       71%         4
 Hailstorm                Conj/Ice       8%         3d4       71%         4
 Olgreb's Toxic Radiance  Pois           8%         N/A       71%         4
 Sticky Flame             Conj/Fire      8%         2d3       71%         4
 Summon Ice Beast         Ice/Summ       8%         N/A       71%         4
 Dragon Form              Tmut           27%        N/A       92%         7
 Eringya's Noxious Bog    Tmut/Pois      16%        N/A       95%         6
 Statue Form              Tmut/Erth      21%        N/A       95%         6
 Agony                    Necr           8%         N/A       96%         5
 Bolt of Magma            Conj/Fire/Erth 4%         4d5       96%         5
 Borgnjor's Vile Clutch   Necr/Erth      4%         N/A       96%         5
 Fireball                 Conj/Fire      4%         3d4       96%         5
 Lee's Rapid Deconstruct  Erth           4%         3d6*      96%         5
 Iron Shot                Conj/Erth      4%         9d2       100%        6
 Shadow Creatures         Summ           N/A        N/A       100%        6
 Simulacrum               Ice/Necr       4%         N/A       100%        6
 Starburst                Conj/Fire      4%         6d3       100%        6
 Haunt                    Necr/Summ      4%         N/A       100%        7
 Ozocubu's Refrigeration  Ice            4%         4d5       100%        7
 Storm Form               Tmut/Air       16%        N/A       100%        7
 Summon Hydra             Summ           4%         N/A       100%        7
 Ignition                 Fire           4%         3d4       100%        8
 Necromutation            Tmut/Necr      16%        N/A       100%        8
 Death's Door             Necr           4%         N/A       100%        9


Dungeon Overview and Level Annotations

Branches:
Dungeon (15/15)            Temple (1/1) D:4            Lair (6/6) D:9
 Shoals (4/4) Lair:4        Snake (4/4) Lair:2        Slime (0/5) Lair:5
    Orc (2/2) D:10            Elf (3/3) Orc:2        Vaults (4/5) D:13
  Crypt (0/3) Vaults:3     Depths (3/5) D:15          Sewer (visited)
Ossuary (visited)          Bailey (visited)           IceCv (visited)
 WizLab (visited)

Altars:
Ashenzari
Dithmenos
Elyvilon
Fedhas
Gozag
Hepliaklqana
Kikubaaqudgha
Makhleb
Okawaru
Qazlal
Sif Muna
Trog
Vehumet
Wu Jian
Xom
Yredelemnul
The Shining One
Beogh
Jiyva
Lugonu

Shops:
D:12 ?   Orc:1 ?   Orc:2 :!:??[(   Elf:2 !*   Snake:2 *   Vaults:3 !*(!*
Depths:3 [(

Portals:
Hell: Depths:1 Depths:2
Abyss: Lair:6 Depths:1
Pandemonium: Depths:3

Annotations:
D:3 1 runed translucent door, cbfl8's ghost, amateur MiFi
D:7 exclusion: 2 skeletal warriors
Shoals:2 3 runed translucent doors, Frances; Roxanne
Shoals:3 exclusion: water nymph, Bai Suzhen; Nikola
Shoals:4 1 runed translucent door, Donald; TheGamechu's ghost, adept MiBe
Elf:1 3 runed translucent doors, exclusion: 3 doors
Elf:2 3 runed translucent doors
Vaults:3 Boris; Frederick
Vaults:4 1 runed translucent door, Jory; Vatovie's ghost, veteran MiFi
Depths:2 exclusion: orange crystal statue


Innate Abilities, Weirdness & Mutations

You are small and have problems with some larger weapons.
You are completely attuned to the shadows.
Armour fits poorly on your strangely shaped body.
Your muscles are strong. (Str +2)


Message History

Confirm with . or Enter, or press ? or * to list all spells.
Your hands begin to glow red.
You feel extremely sick.
You hit the green very ugly thing but do no damage.
The green very ugly thing is lightly wounded.
You feel extremely sick.
You hit the green very ugly thing but do no damage.
The green very ugly thing appears confused.
The green very ugly thing is lightly wounded.
You feel extremely sick.
The green very ugly thing basks in the mutagenic energy from its kin and changes!
You block the white very ugly thing's attack.
Casting: Confusing Touch (safe; 1% risk of failure)
Confirm with . or Enter, or press ? or * to list all spells.
Your hands begin to glow red.
You feel extremely sick.
The white very ugly thing tentacle-slaps you!!
The white very ugly thing freezes you!!!
* * * LOW HITPOINT WARNING * * *
Okay, then.
You are healed.
* * * LOW HITPOINT WARNING * * *
You feel extremely sick.
The white very ugly thing tentacle-slaps you.
* * * LOW HITPOINT WARNING * * *
The white very ugly thing freezes you!!
* * * LOW HITPOINT WARNING * * *
Aiming: Paralyse
Press: ? - help, Shift-Dir - straight line, f - white very ugly thing
Aim: a white very ugly thing (chance to confuse on hit: 69%, chance to affect: 64%)
Okay, then.
You are healed.
* * * LOW HITPOINT WARNING * * *
You feel extremely sick.
The white very ugly thing tentacle-slaps you but does no damage.
You feel purified!
The white very ugly thing tentacle-slaps you!
* * * LOW HITPOINT WARNING * * *
The white very ugly thing freezes you!!
You die...

..... ...u. .....
##.## #....
##...###.... .....
##..#..###..u #....
##.......###..
##...###....∩....###.
.....##...♣.†.♣...##u
...u@#..u.........(#.
.....u.#....8....#...
.....#.............#.
...u.##...♣...♣...##.
.....###....∩...)###.
.... ##.......###..
##..#..###... .
##...###....
..###.###.....
..............
C.....).......


You could see 3 very ugly things.

Vanquished Creatures
  A juggernaut (Depths:2)
  A mutant beast (WizLab)
  Rupert (D:15)
  A tentacled monstrosity (Orc:2)
  A lich (Depths:2)
  The ghost of grimtooth the Warrior, an adept OgBe of Trog (Snake:4)
  A deep elf blademaster (Elf:3)
  2 deep elf master archers (Elf:3)
  2 quicksilver dragons (Snake:4)
  Polyphemus (Shoals:2)
  3 sphinxes (Vaults:4)
  Gastronok (Lair:3)
  2 krakens
  Kirke (Shoals:1)
  Agnes (D:14)
  A fire giant (shapeshifter) (WizLab)
  5 frost giants
  3 fire giants
  9 vault wardens
  4 nagarajas
  2 deep elf sorcerers (Elf:3)
  An iron dragon (Vaults:4)
  An orc warlord (Vaults:2)
  Aizul (Shoals:4)
  2 deep elf elementalists (Elf:3)
  7 ironbound preservers
  A spriggan defender (Depths:3)
  4 war gargoyles
  21 very ugly things
  7 deep elf demonologists (Elf:3)
  10 stone giants
  3 dire elephants
  A vampire knight (Depths:3)
  9 deep elf annihilators (Elf:3)
  A white draconian (IceCv)
  2 entropy weavers (Vaults:3)
  6 ettins
  3 merfolk javelineers
  3 yaktaur captains
  6 deep elf death magi
  3 jiangshi (Depths:1)
  5 merfolk impalers
  3 deep elf high priests (Elf:3)
  5 great orbs of eyes
  3 boulder beetles
  6 rakshasas
  13 naga warriors
  7 vault guards
  13 ironbound frosthearts
  Erolcha (Orc:1)
  10 ironbound thunderhulks
  2 peacekeepers (Vaults:4)
  7 ice dragons
  2 salamander tyrants (Snake:4)
  3 hydras
  A merfolk aquamancer (Shoals:4)
  15 anacondas
  A catoblepas (Shoals:2)
  2 merfolk avatars
  7 centaur warriors
  An alligator (shapeshifter) (WizLab)
  2 deep troll earth magi (Depths:1)
  A two-headed ogre (Orc:1)
  2 deep troll shamans (Depths:1)
  A tengu warrior (Depths:1)
  A satyr (Shoals:4)
  4 thrashing horrors (Lair:6)
  4 orc high priests (Orc:2)
  2 vampire magi (Depths:1)
  12 dancing weapons
  2 shock serpents (Snake:4)
  An iron golem (WizLab)
  2 death yaks (Shoals:2)
  4 ironbound beastmasters
  8 naga sharpshooters
  2 soul eaters (Depths:3)
  4 salamander mystics
  7 deep elf knights
  17 hell knights
  2 sixfirhies (Depths:3)
  An iron troll (Depths:1)
  A fire crab (Lair:4)
  21 deep trolls
  6 glowing orange brains
  12 sea snakes
  10 naga ritualists
  2 lindwurms (Vaults:3)
  5 deep elf archers
  7 wizards
  An orange crystal statue (IceCv)
  2 phantasmal warriors
  16 harpies
  32 deep elf zephyrmancers
  An orc knight (D:15)
  A tengu zombie (Vaults:1)
  13 ironbound convokers
  Pikel (D:4)
  9 necromancers
  20 deep elf pyromancers
  2 orb spiders (shapeshifter) (WizLab)
  3 orc sorcerers
  14 fauns
  37 ugly things
  5 mana vipers
  12 salamanders
  A stone giant skeleton (Vaults:2)
  2 frost giant zombies (Vaults:2)
  4 elephants
  7 cyclopes
  19 manticores
  43 black mambas
  A frost giant skeleton (Vaults:2)
  A sphinx skeleton (Vaults:2)
  An elf zombie (Vaults:2)
  10 guardian serpents
  14 vault sentinels
  A guardian serpent (shapeshifter) (WizLab)
  5 smoke demons
  A fire giant skeleton (Vaults:3)
  A black mamba (shapeshifter) (WizLab)
  9 merfolk sirens
  A torpor snail (Lair:4)
  14 naga magi
  2 ice statues (Snake:2)
  A gargoyle (D:12)
  8 water nymphs
  Maurice (D:11)
  8 cane toads
  A storm dragon simulacrum (Vaults:3)
  2 centaur skeletons (D:15)
  2 unseen horrors (Depths:1)
  17 rime drakes
  Maggie (D:7)
  2 efreet
  18 yaktaurs
  7 komodo dragons
  5 tengu conjurers
  A hellwing (Depths:3)
  2 human skeletons
  2 ancient zymes (Lair:6)
  16 polar bears
  An ice devil (Depths:3)
  4 trolls (shapeshifter)
  11 merfolk
  5 trolls
  A red devil (Depths:3)
  Prince Ribbit (D:5)
  4 queen bees (shapeshifter)
  A tengu simulacrum (Vaults:1)
  3 wind drakes (Shoals:4)
  A hornet (D:8)
  3 raiju (shapeshifter) (WizLab)
  2 wind drakes (shapeshifter) (WizLab)
  A meliai (shapeshifter) (WizLab)
  20 slime creatures
  2 snapping turtles (Shoals:4)
  3 dream sheep
  32 blink frogs
  16 large abominations
  A dream sheep (shapeshifter) (Elf:2)
  A centaur simulacrum (D:15)
  An ettin zombie (Vaults:2)
  2 shadows
  3 air elementals
  12 water elementals
  2 ynoxinuls (Lair:6)
  A spriggan (shapeshifter) (WizLab)
  2 wraiths
  10 humans (D:13)
  A hog (shapeshifter) (WizLab)
  49 yaks
  3 wyverns
  4 redbacks (Vaults:3)
  A tarantella (shapeshifter) (WizLab)
  7 basilisks
  A vampire (D:12)
  A golden eye (shapeshifter) (WizLab)
  3 fire elementals
  6 chaos spawn
  5 vampire mosquitoes
  3 wargs
  A harpy simulacrum (Vaults:1)
  26 nagas
  An acid dragon (D:10)
  A two-headed ogre zombie (D:10)
  4 floating eyes (WizLab)
  16 water moccasins
  A black bear (shapeshifter) (Elf:2)
  22 orc warriors
  Purgy (Sewer)
  3 ice beasts
  A sky beast (D:5)
  2 human zombies (Vaults:3)
  A hornet zombie (D:15)
  5 wolves (Lair:3)
  6 ogres
  5 boggarts (D:14)
  21 centaurs
  5 phantoms
  16 small abominations
  A gnoll sergeant (D:13)
  15 bullfrogs
  A scorpion (D:5)
  8 earth elementals
  2 troll zombies (D:10)
  5 wights (D:7)
  7 electric eels
  5 howler monkeys
  8 centaur zombies
  A hound (D:6)
  A bullfrog skeleton (D:5)
  27 orc priests
  A gnoll shaman (D:4)
  8 hell rats (Lair:4)
  2 iguanas
  26 orc wizards
  Terence (D:2)
  A killer bee zombie (D:9)
  5 ogre zombies (D:10)
  6 mummies (Ossuary)
  2 howler monkey zombies
  7 river rats (D:4)
  8 adders
  11 gnolls
  A white imp (D:6)
  2 worms
  75 orcs
  9 endoplasms
  5 giant cockroaches
  3 gnoll zombies (Ossuary)
  9 goblins
  5 hobgoblins
  3 jackals (D:1)
  4 quokkas
  4 ball pythons
  7 bats
  5 frilled lizards
  A goblin skeleton (D:10)
  5 goblin zombies (D:10)
  2 hobgoblin skeletons (D:10)
  6 hobgoblin zombies
  6 kobolds
  A kobold zombie (Ossuary)
  3 orc skeletons (D:10)
  12 orc zombies
  17 rats
1498 creatures vanquished.

Vanquished Creatures (collateral kills)
  2 vault wardens (Vaults:4)
  A rakshasa (Depths:1)
  A vault guard (Vaults:4)
  2 naga warriors (Snake:4)
  3 naga sharpshooters
  5 hell knights
  2 deep trolls
  2 naga ritualists (Snake:4)
  A wizard (Vaults:3)
  3 salamanders
  A naga mage (Snake:4)
  A vault sentinel (Vaults:3)
  A guardian serpent (Snake:4)
  2 nagas (Snake:4)
  A sky beast (D:5)
  An electric eel (Snake:3)
  A mummy (Ossuary)
  8 orcs
38 creatures vanquished.

Vanquished Creatures (others)
  A spark wasp (Depths:2)
  A deep elf death mage (Elf:3)
  An ice dragon (IceCv)
  A boulder beetle (Lair:4)
  A catoblepas (D:12)
  A naga sharpshooter (Snake:1)
  2 shock serpents (Snake:4)
  A deep elf knight (Elf:3)
  A hell knight (Depths:1)
  A sea snake (Shoals:4)
  A mana viper (Snake:1)
  A deep elf pyromancer (D:12)
  A harpy (Shoals:3)
  3 ugly things
  A komodo dragon (Lair:6)
  A cyclops (D:12)
  3 black mambas (Snake:1)
  A naga mage (Snake:4)
  A vault sentinel (Vaults:3)
  3 rime drakes (IceCv)
  A yaktaur (Vaults:2)
  9 dancing weapons
  2 blink frogs (Lair:6)
  3 slime creatures (D:12)
  3 dream sheep (Shoals:4)
  A spriggan (Lair:6)
  A water elemental (Elf:3)
  A wraith (D:12)
  A basilisk (D:12)
  2 chaos spawn
  An orc warrior (Orc:2)
  2 orc wizards (Orc:2)
  A mummy (Ossuary)
  2 orcs (D:12)
  38 fungi
  154 plants
  14 tentacles (Shoals:4)
263 creatures vanquished.

Grand Total: 1799 creatures vanquished

Notes
Turn   | Place    | Note
-------+----------+-------------------------------------------
     0 | D:1      | grimtooth the Kobold Artificer began the quest for the Orb.
     0 | D:1      | Reached XP level 1. HP: 12/12 MP: 1/1
   119 | D:1      | Found a faded altar of an unknown god.
   417 | D:1      | Reached XP level 2. HP: 16/16 MP: 2/2
  1443 | D:1      | Reached XP level 3. HP: 15/20 MP: 3/3
  2072 | D:2      | Noticed Terence
  2986 | D:3      | Reached skill level 5 in Evocations
  3002 | D:3      | Found a glowing drain.
  3028 | Sewer    | Entered a sewer
  3120 | Sewer    | Reached XP level 4. HP: 24/25 MP: 4/4
  3133 | Sewer    | Noticed Purgy
  3155 | Sewer    | Killed Purgy
  3156 | Sewer    | Reached XP level 5. HP: 29/29 MP: 5/5
  3666 | D:2      | Reached skill level 5 in Stealth
  3692 | D:3      | Found Zihiwu's Magic Scroll Boutique.
  3697 | D:3      | Bought a scroll of identify for 20 gold pieces
  3941 | D:3      | Found a runed translucent door.
  3942 | D:3      | Noticed cbfl8's ghost (amateur MiFi)
  4382 | D:1      | Reached XP level 6. HP: 34/34 MP: 6/6
  4507 | D:4      | Found a sand-covered staircase.
  4512 | Ossuary  | Entered an ossuary
  4546 | Ossuary  | Learned a level 3 spell: Confusing Touch
  4633 | Ossuary  | Reached skill level 1 in Short Blades
  5597 | D:4      | Reached skill level 1 in Armour
  5790 | D:4      | Found a staircase to the Ecumenical Temple.
  5825 | Temple   | Entered the Ecumenical Temple
  5886 | Temple   | Became a worshipper of Elyvilon the Healer
  5976 | D:4      | Noticed an ogre
  6019 | D:4      | Noticed an ice beast
  6468 | D:5      | Entered Level 5 of the Dungeon
  6486 | D:5      | Reached XP level 7. HP: 27/38 MP: 7/7
  6804 | D:5      | Identified the ring of Feycim {Int+6 Dex+5 Stlth+}
  6829 | D:5      | Noticed Prince Ribbit
  7103 | D:3      | Bought a scroll of blinking for 75 gold pieces
  7103 | D:3      | Bought a scroll of fear for 35 gold pieces
  7103 | D:3      | Bought a scroll of teleportation for 30 gold pieces
  7103 | D:3      | Bought a scroll of fear for 35 gold pieces
  7103 | D:3      | Bought a scroll of fear for 35 gold pieces
  7103 | D:3      | Bought a scroll of fog for 20 gold pieces
  7134 | D:2      | Reached * piety under Elyvilon
  7455 | D:2      | Killed Terence
  7539 | D:5      | Noticed Pikel
  7589 | D:5      | Killed Prince Ribbit
  7590 | D:5      | Reached XP level 8. HP: 38/43 MP: 8/8
  7722 | D:5      | Reached skill level 5 in Short Blades
  8125 | D:6      | Reached skill level 1 in Hexes
  8203 | D:6      | Reached skill level 5 in Dodging
  8487 | D:6      | Found a blossoming altar of Fedhas.
  8495 | D:6      | Found a stormy altar of Qazlal.
  8524 | D:6      | Noticed a yak
  8667 | D:6      | Identified the +3 hunting sling of Tension {vorpal, rCorr
                  | Int+2 Dex+3 Stlth+}
  8827 | D:6      | Noticed a yak
  8960 | D:6      | Reached ** piety under Elyvilon
  9142 | D:6      | Noticed a yak
  9253 | D:7      | Noticed Harold
  9478 | D:7      | Found an iron altar of Okawaru.
  9542 | D:7      | Noticed a skeletal warrior
  9813 | D:7      | Noticed Maggie
  9847 | D:7      | Reached XP level 9. HP: 47/47 MP: 9/9
 10043 | D:7      | Noticed a skeletal warrior
 10043 | D:7      | Noticed a skeletal warrior
 10426 | D:7      | Reached skill level 5 in Hexes
 10679 | D:7      | Reached *** piety under Elyvilon
 10697 | D:7      | Reached skill level 1 in Invocations
 10844 | D:8      | Found a glowing golden altar of the Shining One.
 11016 | D:8      | Found a burning altar of Makhleb.
 11243 | D:8      | Noticed a hornet
 11245 | D:8      | Killed a hornet
 11598 | D:8      | Reached skill level 5 in Invocations
 12223 | D:9      | Found a flagged portal.
 12247 | Bailey   | Entered a bailey
 12251 | Bailey   | Reached **** piety under Elyvilon
 12627 | Bailey   | Reached XP level 10. HP: 44/56 MP: 11/14
 12712 | Bailey   | Identified the +1 ice dragon scales of the Land of Plenty
                  | {rF- rC++ rN+ Int-4 SInv}
 12715 | Bailey   | Identified the +1 cloak of the Constellations {rC- Int+3
                  | Slay+2}
 13169 | D:9      | Found a staircase to the Lair.
 13718 | D:3      | Bought a scroll of magic mapping for 35 gold pieces
 13718 | D:3      | Bought a scroll of teleportation for 30 gold pieces
 13718 | D:3      | Bought a scroll of teleportation for 30 gold pieces
 13718 | D:3      | Bought a scroll of teleportation for 30 gold pieces
 14467 | D:4      | Killed Pikel
 14468 | D:4      | Reached skill level 5 in Fighting
 14875 | D:10     | Entered Level 10 of the Dungeon
 14989 | D:10     | Reached ***** piety under Elyvilon
 15261 | D:10     | Found a basalt altar of Yredelemnul.
 15630 | D:10     | Noticed an efreet
 16061 | D:10     | Found a staircase to the Orcish Mines.
 16195 | D:10     | Reached XP level 11. HP: 61/64 MP: 17/17
 16401 | Lair:1   | Entered Level 1 of the Lair of Beasts
 16419 | Lair:1   | Noticed a four-headed hydra
 16433 | Lair:1   | Reached skill level 1 in Spellcasting
 17795 | Lair:2   | Noticed a five-headed hydra
 17798 | Lair:2   | Pacified a five-headed hydra
 18017 | Lair:2   | Found a staircase to the Snake Pit.
 18214 | Lair:2   | Reached ****** piety under Elyvilon
 18245 | Lair:3   | Noticed an elephant
 18246 | Lair:3   | Noticed an elephant
 18319 | Lair:3   | Noticed an elephant
 18319 | Lair:3   | Noticed an elephant
 18320 | Lair:3   | Noticed an elephant
 18404 | Lair:3   | Noticed Gastronok
 19027 | Lair:3   | Noticed an elephant
 19029 | Lair:3   | Noticed an elephant
 19030 | Lair:3   | Noticed an elephant
 19039 | Lair:3   | Killed an elephant
 19059 | Lair:3   | Noticed an elephant
 19059 | Lair:3   | Noticed an elephant
 19060 | Lair:3   | Noticed an elephant
 19072 | Lair:3   | Killed an elephant
 19099 | Lair:3   | Reached skill level 10 in Hexes
 19136 | Lair:3   | Reached XP level 12. HP: 70/70 MP: 14/18
 20253 | Lair:4   | Noticed a boulder beetle
 20659 | Lair:4   | Found a staircase to the Shoals.
 20769 | Lair:4   | Noticed an eight-headed hydra
 20769 | Lair:4   | Noticed a boulder beetle
 20935 | Lair:4   | Noticed a fire crab
 21239 | Lair:4   | Noticed a death yak
 21239 | Lair:4   | Noticed a death yak
 21239 | Lair:4   | Noticed a death yak
 21627 | Lair:5   | Noticed a five-headed hydra
 21633 | Lair:5   | Killed a five-headed hydra
 21634 | Lair:5   | Reached XP level 13. HP: 74/74 MP: 19/19
 21719 | Lair:5   | Reached skill level 1 in Shields
 21889 | Lair:5   | Noticed an eight-headed hydra
 21893 | Lair:5   | Pacified an eight-headed hydra
 22098 | Lair:5   | Found a viscous altar of Jiyva.
 22098 | Lair:5   | Found a staircase to the Slime Pits.
 22493 | Lair:6   | Entered Level 6 of the Lair of Beasts
 22516 | Lair:6   | Noticed a five-headed hydra
 22519 | Lair:6   | Killed a five-headed hydra
 23040 | Lair:6   | Reached skill level 10 in Invocations
 24582 | Lair:6   | Found a corrupted altar of Lugonu.
 24584 | Lair:6   | Found a one-way gate to the infinite horrors of the Abyss.
 24793 | Lair:4   | Reached XP level 14. HP: 80/80 MP: 15/22
 25062 | Lair:3   | Killed Gastronok
 25672 | D:8      | Learned a level 6 spell: Invisibility
 25855 | D:7      | Killed Maggie
 25930 | D:7      | Noticed Harold
 25930 | D:7      | Harold changed into Harold the elephant
 25946 | D:7      | Killed Harold the elephant
 26067 | Orc:1    | Entered Level 1 of the Orcish Mines
 26079 | Orc:1    | Noticed Erolcha
 26083 | Orc:1    | Killed Erolcha
 26629 | Orc:1    | Found Fovoin's Magic Scroll Emporium.
 26658 | Orc:1    | Bought a scroll of identify for 24 gold pieces
 26832 | Orc:2    | Entered Level 2 of the Orcish Mines
 26833 | Orc:2    | Found Haippymuc's Book Emporium.
 27644 | Orc:2    | Found a staircase to the Elven Halls.
 28281 | Orc:2    | Found Qovico's Book Shoppe.
 28300 | Orc:2    | Found Holiasm's Distillery.
 28639 | Orc:2    | Bought an Inescapable Atlas for 408 gold pieces
 28642 | Orc:2    | Learned a level 2 spell: Blink
 29137 | Orc:2    | Reached skill level 1 in Translocations
 29591 | Orc:2    | Found Fidak's Weapon Emporium.
 29592 | Orc:2    | Found Goplinehe's Magic Scroll Shoppe.
 29593 | Orc:2    | Found Saotuhyps's Magic Scroll Shoppe.
 29594 | Orc:2    | Found Uluhafini's Armour Emporium.
 29598 | Orc:2    | Bought a scroll of identify for 22 gold pieces
 29598 | Orc:2    | Bought a scroll of identify for 22 gold pieces
 29669 | Orc:2    | Bought a scroll of blinking for 82 gold pieces
 29669 | Orc:2    | Bought a scroll of teleportation for 33 gold pieces
 29669 | Orc:2    | Bought a scroll of amnesia for 38 gold pieces
 29670 | Orc:2    | Bought a scroll of fear for 45 gold pieces
 29759 | Orc:2    | Bought a potion of invisibility for 112 gold pieces
 29759 | Orc:2    | Bought a potion of might for 56 gold pieces
 29759 | Orc:2    | Bought a potion of haste for 140 gold pieces
 30482 | D:11     | Noticed Maurice
 30494 | D:11     | Killed Maurice
 30809 | D:11     | Reached XP level 15. HP: 84/90 MP: 20/24
 31379 | D:12     | Found Bunaczapi's Magic Scroll Emporium.
 31382 | D:12     | Bought a scroll of identify for 24 gold pieces
 31382 | D:12     | Bought a scroll of identify for 24 gold pieces
 31382 | D:12     | Bought a scroll of identify for 24 gold pieces
 32347 | D:13     | Identified the +7 quarterstaff of Bankruptcy {venom, Contam
                  | rCorr Int+2 Stlth+}
 32451 | D:13     | Reached skill level 5 in Shields
 32788 | D:13     | Reached skill level 5 in Translocations
 32838 | D:13     | Found a gate to the Vaults.
 33884 | D:14     | Noticed Agnes
 35004 | D:15     | Entered Level 15 of the Dungeon
 35112 | D:15     | Identified the +10 war axe of Guile {vorpal, *Noise rF++
                  | rN+ Str+3}
 35400 | D:15     | Noticed Rupert
 35654 | Shoals:1 | Entered Level 1 of the Shoals
 36235 | Shoals:1 | Reached skill level 10 in Dodging
 36235 | Shoals:1 | Reached skill level 10 in Evocations
 36268 | Shoals:1 | Identified a scroll of acquirement
 36656 | Shoals:1 | Reached XP level 16. HP: 89/96 MP: 21/25
 37007 | Shoals:2 | Noticed Frances
 37325 | Shoals:2 | Found a runed translucent gate.
 37326 | Shoals:2 | Found a runed translucent gate.
 37327 | Shoals:2 | Found a runed translucent gate.
 37344 | Shoals:2 | Noticed Polyphemus
 37607 | Shoals:2 | Noticed a kraken
 37630 | Shoals:2 | Killed a kraken
 37689 | Shoals:2 | Noticed Roxanne
 38013 | Shoals:3 | Noticed Nikola
 38039 | Shoals:3 | Noticed Bai Suzhen
 38517 | Shoals:4 | Entered Level 4 of the Shoals
 38893 | Shoals:4 | Identified the +2 kite shield of Dust Devil {*Slow rElec
                  | Int+7}
 38893 | Shoals:4 | Noticed Donald
 39175 | Shoals:4 | Noticed Aizul
 39306 | Shoals:4 | Found a runed translucent door.
 39309 | Shoals:4 | Identified the +4 tower shield "Itulyato" {Harm *Slow rN++
                  | Will-}
 39312 | Shoals:4 | Noticed TheGamechu's ghost (adept MiBe)
 39459 | Shoals:4 | Killed Aizul
 39471 | Shoals:4 | Reached skill level 15 in Hexes
 39548 | Shoals:4 | Reached skill level 5 in Armour
 39707 | Shoals:4 | Reached skill level 10 in Fighting
 39742 | Shoals:4 | Got a barnacled rune of Zot
 39974 | Shoals:4 | Reached XP level 17. HP: 127/127 MP: 27/32
 39981 | Shoals:4 | Noticed a kraken
 40009 | Shoals:4 | Killed a kraken
 40189 | Shoals:2 | Killed Polyphemus
 40278 | Shoals:1 | Noticed Kirke
 40302 | Shoals:1 | Killed Kirke
 40587 | D:13     | Learned a level 1 spell: Apportation
 40591 | D:13     | Learned a level 3 spell: Lesser Beckoning
 40737 | Orc:2    | Bought Great Wizards, Vol. VII for 360 gold pieces
 40741 | Orc:2    | Learned a level 3 spell: Tukima's Dance
 40825 | Orc:2    | Bought a scroll of fog for 26 gold pieces
 40825 | Orc:2    | Bought a scroll of fog for 26 gold pieces
 40826 | Orc:2    | Acquired 676 gold pieces
 40912 | Orc:1    | Bought a scroll of acquirement for 624 gold pieces
 40913 | Orc:1    | Acquired a +4 quick blade
 41251 | Snake:1  | Entered Level 1 of the Snake Pit
 41256 | Snake:1  | Reached skill level 10 in Short Blades
 41374 | Lair:2   | - so that is not comfortable
 41781 | D:15     | Killed Rupert
 41782 | D:15     | thank you tukima
 42139 | D:15     | Found a staircase to the Depths.
 42433 | D:14     | Killed Agnes
 42735 | Elf:1    | Entered Level 1 of the Elven Halls
 42951 | Elf:1    | Paralysed by an air elemental for 1 turns
 42959 | Elf:1    | Paralysed by an air elemental for 1 turns
 42962 | Elf:1    | Paralysed by an air elemental for 1 turns
 43398 | Elf:1    | Found a runed translucent gate.
 43402 | Elf:1    | Found a runed translucent gate.
 43403 | Elf:1    | Found a runed translucent gate.
 43771 | Elf:2    | Found Amochiwi's Distillery.
 44023 | Elf:2    | HP: 4/106 [+3 war axe of electrocution (18)]
 44109 | Elf:2    | Reached skill level 10 in Stealth
 44437 | Elf:2    | Found Ichisice's CLEARANCE SALE! EVERYTHING MUST GO!.
 44584 | Elf:2    | Reached skill level 5 in Spellcasting
 44590 | Elf:2    | Found a runed translucent gate.
 44590 | Elf:2    | Found a runed translucent gate.
 44590 | Elf:2    | Found a runed translucent gate.
 44814 | Elf:2    | Reached XP level 18. HP: 93/112 MP: 18/27
 45001 | Elf:3    | Entered Level 3 of the Elven Halls
 45006 | Elf:3    | - ah the big mioat
 45006 | Elf:3    | - moat
 45264 | Elf:3    | Gained mutation: You do not regenerate when monsters are
                  | visible. [mutagenic glow]
 45265 | Elf:3    | - aw crap
 45334 | Elf:1    | Noticed a tentacled monstrosity
 45338 | Elf:1    | Noticed a tentacled monstrosity
 45338 | Elf:1    | Noticed a tentacled monstrosity
 45646 | Elf:1    | Reached XP level 19. HP: 116/116 MP: 26/28
 45647 | Elf:1    | Found a runed translucent gate.
 45647 | Elf:1    | Found a runed translucent gate.
 45669 | Elf:1    | Found a runed translucent gate.
 46061 | Elf:1    | Gained mutation: You are agile. (Dex +2) [potion of
                  | mutation]
 46061 | Elf:1    | Gained mutation: You occasionally shout uncontrollably at
                  | your foes. [potion of mutation]
 46061 | Elf:1    | Gained mutation: Your flesh is heat resistant. (rF+)
                  | [potion of mutation]
 46159 | Orc:2    | Killed a tentacled monstrosity
 46444 | Shoals:1 | Lost mutation: Your flesh is heat resistant. (rF+) [potion
                  | of mutation]
 46444 | Shoals:1 | Lost mutation: You occasionally shout uncontrollably at
                  | your foes. [potion of mutation]
 46444 | Shoals:1 | Lost mutation: You are agile. (Dex +2) [potion of mutation]
 46444 | Shoals:1 | Gained mutation: Your flesh is cold resistant. (rC+)
                  | [potion of mutation]
 46444 | Shoals:1 | Gained mutation: You have sharp fingernails. [potion of
                  | mutation]
 46916 | D:10     | Lost mutation: Your flesh is cold resistant. (rC+) [potion
                  | of mutation]
 46916 | D:10     | Lost mutation: You have sharp fingernails. [potion of
                  | mutation]
 46916 | D:10     | Gained mutation: Your magical capacity is low. (-10% MP)
                  | [potion of mutation]
 46917 | D:10     | Lost mutation: You do not regenerate when monsters are
                  | visible. [potion of mutation]
 46917 | D:10     | Lost mutation: Your magical capacity is low. (-10% MP)
                  | [potion of mutation]
 46917 | D:10     | Gained mutation: Your muscles are strong. (Str +2) [potion
                  | of mutation]
 46917 | D:10     | Gained mutation: Armour fits poorly on your strangely
                  | shaped body. [potion of mutation]
 46918 | D:10     | - i can live with this
 47292 | Elf:3    | Learned a level 5 spell: Yara's Violent Unravelling
 47357 | Elf:3    | Reached skill level 1 in Transmutations
 48224 | Snake:1  | - what a regrettable landing
 48235 | Snake:1  | You fall into a shaft and drop 1 floor!
 48316 | Snake:2  | Found a frozen archway.
 48337 | Snake:2  | Identified the ring of Serreuxt {rElec Will+}
 48353 | IceCv    | Entered an ice cave
 48367 | IceCv    | - yay its animals for once
 48554 | IceCv    | Identified the +0 ice dragon scales of Omission {rPois rF-
                  | rC++ rCorr SInv}
 48561 | IceCv    | - oops i should have dropped some stuff
 48916 | IceCv    | Reached skill level 5 in Transmutations
 49140 | IceCv    | Noticed a shard shrike
 49141 | IceCv    | - animals but dang
 49181 | IceCv    | Pacified a shard shrike
 50589 | Snake:2  | Found Voxzeut's Overcharged Wands.
 51155 | Snake:1  | Reached XP level 20. HP: 91/122 MP: 21/29
 51779 | Snake:1  | Found a blossoming altar of Fedhas.
 52161 | Snake:3  | Found a shimmering altar of Xom.
 53726 | Snake:3  | Reached skill level 15 in Dodging
 53788 | Snake:3  | Reached skill level 15 in Stealth
 53884 | Snake:3  | Found a basalt altar of Yredelemnul.
 54251 | Snake:4  | Entered Level 4 of the Snake Pit
 55342 | Snake:4  | Found a runed translucent door.
 55344 | Snake:4  | Noticed grimtooth's ghost (adept OgBe)
 56669 | Snake:4  | Reached XP level 21. HP: 127/127 MP: 26/31
 56940 | Snake:4  | Got a serpentine rune of Zot
 57107 | Snake:4  | - hey its me
 57147 | Snake:4  | Killed grimtooth's ghost
 57148 | Snake:4  | - one of the crappier ghosts there
 58217 | Elf:3    | Found the ring of the Octopus King {MP+9 AC+1 EV+1 Str+1
                  | Int+1 Dex+1}
 58261 | Elf:3    | Identified the ring "Zulao" {rPois Will- MP+9 Str+6 Dex+2}
 58545 | Elf:2    | Reached skill level 15 in Invocations
 58954 | Orc:2    | Bought a potion of heal wounds for 70 gold pieces
 59350 | Elf:3    | Reached skill level 15 in Evocations
 59352 | Elf:3    | Identified the ring of Circularity {Str+4 Int+6 Dex-2 SInv
                  | Stlth+}
 59567 | Elf:3    | Identified the amulet of the Chupacabra {Acrobat Regen+
                  | rCorr}
 59724 | Elf:3    | Noticed a Tzitzimitl
 59854 | Elf:3    | Got the Grimoire of the Heron
 59890 | Elf:3    | Got the Volume of Stones
 60605 | Elf:3    | Found the +2 cloak of the Thief {*Fog Slay-2 SInv Stlth+}
 61885 | D:13     | Acquired the +7 Spriggan's Knife {stab, EV+4 Stlth+}
 61885 | D:13     | Found the +7 Spriggan's Knife {stab, EV+4 Stlth+}
 61891 | Vaults:1 | Entered Level 1 of the Vaults
 62926 | Vaults:1 | Reached XP level 22. HP: 136/136 MP: 19/33
 63612 | Vaults:2 | Found a magical portal.
 63629 | WizLab   | Entered Cigotuvi's Fleshworks
 63945 | WizLab   | Paralysed by a floating eye for 3 turns
 63995 | WizLab   | Identified the ring of Biet {rPois rCorr Int+6 Dex+6
                  | Slay-2}
 64199 | WizLab   | Reached skill level 15 in Fighting
 64269 | WizLab   | Got Soghim Gey's Guide on Transformation
 64271 | WizLab   | Got Cigotuvi's Almanac of Sinister Changing
 66045 | Vaults:3 | Found Oxkaqit's General Store.
 66062 | Vaults:3 | Found Xiogh's Weapon Shoppe.
 66144 | Vaults:3 | Found Ruvij's Assorted Antiques.
 66279 | Vaults:3 | Noticed Boris
 66375 | Vaults:3 | Noticed Frederick
 66416 | Vaults:3 | Found Ywofroan's Distillery.
 66421 | Vaults:3 | Bought a potion of heal wounds for 65 gold pieces
 66421 | Vaults:3 | Bought a potion of heal wounds for 65 gold pieces
 66487 | Vaults:3 | Found Fulorchen's Distillery.
 66805 | Vaults:3 | Reached skill level 15 in Short Blades
 66840 | Vaults:3 | Found a staircase to the Crypt.
 66840 | Vaults:3 | Found a basalt altar of Yredelemnul.
 66840 | Vaults:3 | Found an ancient bone altar of Kikubaaqudgha.
 67365 | Vaults:3 | Reached XP level 23. HP: 144/144 MP: 16/34
 67799 | Vaults:4 | Noticed Jory
 69174 | Vaults:4 | Found a runed translucent door.
 69177 | Vaults:4 | Noticed Vatovie's ghost (veteran MiFi)
 69263 | Vaults:4 | Identified the +1 leather armour "Vawi" {*Slow Will++
                  | rCorr}
 69845 | Depths:1 | Entered Level 1 of the Depths
 70367 | Depths:1 | Found a hazy altar of Hepliaklqana.
 71569 | Depths:1 | Reached XP level 24. HP: 132/150 MP: 34/34
 71963 | Depths:1 | Identified the +2 scale mail of the Black Moon {*Corrode
                  | Dex+6 Slay+2 Stlth+}
 71970 | Depths:1 | Found a gateway to Hell.
 72189 | Depths:1 | Reached skill level 10 in Armour
 73231 | Depths:2 | Noticed a juggernaut
 73252 | Depths:2 | - so i see the difficulty with cloak of the thief
 74049 | Orc:1    | Bought a scroll of teleportation for 36 gold pieces
 74049 | Orc:1    | Bought a scroll of summoning for 114 gold pieces
 74206 | D:12     | Bought a scroll of teleportation for 36 gold pieces
 74206 | D:12     | Bought a scroll of fear for 42 gold pieces
 74206 | D:12     | Bought a scroll of teleportation for 36 gold pieces
 75963 | Depths:2 | Killed a juggernaut
 75964 | Depths:2 | Reached skill level 1 in Long Blades
 77077 | Depths:3 | Found a one-way gate leading to the halls of Pandemonium.
 78089 | Depths:3 | Found Pydghu's Weapon Emporium.
 78090 | Depths:3 | Found Ozxir's Antique Armour Shoppe.
 78188 | Depths:3 | Slain by a white very ugly thing

Illustrated notes ......≈##≈≈≈................P#.#. ......≈≈#≈≈≈..................... ......≈≈≈≈≈≈..................... ................................. ........##..##................... .....####...####.#####........... .....# #..##≈♣P.P≈P##....>...... ≈≈≈≈.## ##.#≈≈P≈.≈..P#.>......... ≈≈#≈..###..#≈≈♣♣.♣♣≈≈#...#.#P.#.P ≈##≈.......#.P♣...♣≈♣#........... ≈≈≈≈............@...............# ≈≈≈≈......<#≈≈♣[..♣..#........... ≈≈≈≈.......#≈.♣♣.♣♣≈.#........... ≈≈≈≈.#######P♣≈P.P.≈.#.####...### .......# ##≈≈P.P≈.##.####...#.. ######## ####.####............ #.PPPP............... #.P♣♣P............... #.P♣♣P............... ##.PPPP............... #..................... Turn 41374 on Lair:2: - so that is not comfortable ........##......... .........#......... ##........ #........ ........ ....)... ....... .. ........ ...... .... ........ .....##.... ........ .......[(..... ........ .....##..[..... .....##...@.... #....... .....##....≈≈≈. o....... ............≈.. ≈.oo.... ............... ≈....... ............... ....<... .#............ ........ .............. ........ .....#........≈≈..≈≈≈.....c ....##........≈..≈......c. .. ###......≈≈.≈...... .. ##.......≈≈....... Turn 41782 on D:15: thank you tukima

,,,,,*** *,,<,,,,* ***,,,,,**
,,,,,,,* *,,,,,,,* *,,,,,,,,,
,,,,,,,*****,,,,,,,*****,,,,,,,,,
,,,,,,,+,,,+,,,8,,,+,,,+,,,,,,,,,
,,,,,,,*****,,,,,,,*******,,,,,,,
,,,,,,,*,,,***,,,,**,,,,,**,,,,,,
,,,,,+**,,,,,***.##....,,,+*,,,**
+*,***,,,,,,.,,*##.....,,,,*****,
,***,,,,,,,,..,*#......,,,,,**,,,
,***,,,,,,,,...##.[....,,,,,*,,,,
,,**,,,,,,,,...'@.<....,,,,,+,,,,
,,**,,,,,,,,...##......,,,,,*,,,,
,,**,,,,,,,,..,*#......,,,,,*,,,,
,***,,,,,,,,.,,*##.....,,,,***,,,
,*****,,,,,,,*** ##....,,,** **,,
*+***+**,,,*+** **+,,,,,*+** **,
**,*,********,****,**+*****,** **
***,**********,**,***,** **,**
,,,,,,,,,,,,,,,,,,,,,,,*** **,***
,,,,,,,,,,,,,,,,,,,,,,,,,*****,**
,,,,,,,,,,,,,,,,,,≈≈≈≈≈,,,,* **+,


Turn 45006 on Elf:3: - ah the big mioat ** .### ##### ...### ###...### .....#
#.......# ...)[#####.......# .....'...'.......# .....#####......@#
.....#...#.......# ...###...#+#...#'###### ####....[..######'#...###
##..........#* #.......# #)..........#####.......# +....(8.....'...'.......#
#...........#####.......# #...........# #.......# ##.........## ###...###
##.......#'## ##### Turn 45265 on Elf:3: - aw crap ### #.## ##..# ###########
#...###.........### ##....)..#####.....##### ##.....####......8......# .......#
#.............# ##....## ##.............## ..#....###...............##
.......##..8....@>.....8..# .......#..................#
.........##.............#.# ## ..........#.............#.# #.
.........##......8......#.# #. ........#######.....#####.# ###.
........#.........###.....# ##... .#.#......................###....
####............#..........###... # ##.........#?######.#...## ###.
###.(#.......######...#....## ##. Turn 46918 on D:10: - i can live with this
......## N......#. ......... #..S..SSS.. #...NN@.... #.......#. #N..#NN>#
#.(..### #..N## ##S## ### N# Turn 48224 on Snake:1: - what a regrettable landing
### ### ##@### ##.### #....#### #....# ...##....######.∩... ..##
####....#.....∩. hh ####....##..# ###### ### Turn 48367 on IceCv: - yay its
animals for once ### # ##.### ## ####....#### #. ##....##....######.
#...#######....#... ##†...########....# ####....########## ####.....###
######..#### ###### ##....# #.@..### ####.. #...##...### ### ..####.#...## # .
#.###..†## ##.###...# ####....# ##.#.## # ##...## # ###..## ## ###..# #.
#####†..#####. Turn 48561 on IceCv: - oops i should have dropped some stuff
##.#[.⌠..## #. ##.....## ## ###§##†..## #.§.###...#### ###§○.####[...#######
##§§☼#○.# ###...#....# #○§###### ###....##† #○§###.## ######## ##○##.#.# ###.
##..###..8. ##... ###@.##... ####.... #...## .## ##.....## #DpD## # #.....##
k.b. #....### #upk ...#### #### Turn 49141 on IceCv: - animals but dang
.....#####...........##.######### ........##...........##.#########
........##...........##)).....).# .......).)...........##########)#
.....##..)..)###########.# #.# ................[.)......## #.#
.....##......######.(.....# #.# ....÷........# #.......#####.#
.............#########.......##.# )..........).....#§§ #.......##.#
................@+W§ #.......##.# .................#S§ #.......##.#
.......#.........### #.....^.##.# .....)...........[.# #.......##.#
......##....<......# #.......##.# .######............# #.########.# .#
#...############.# #.. #######...# #.........########## ..........#
#.######.....<...... #####.....# #.# #...........#### ..........# #.#
#.##........#..< Turn 57107 on Snake:4: - hey its me #)#####.#######
#...........# .)[## #.......# #...........### ....# ###.....# #...........##.
...(# #.....#####...........##. ...## #........##...........##.
#8.######........##...........##) .....##8#.......).)...........###
....)..[......##..)..)########### ..⌠.÷..).................[.).....
..............##......######.(... ...).##8)....÷..@.....# #.....
#8)#####..............#########.. ..)## #.)..........)...§§#§§ #..
..).####.............§§§§§§§§ #.. ....##...............§§§§§#§§ #..
)..###.#........#....§§§§§### #.. #.##.#.#......)........§..[.# #..
..##...........##....<.§§...# #.. ..##.#.##.######............# #.# .###.#....#
#...############.# ##.#.###########...# #.........# Turn 57148 on Snake:4: - one
of the crappier ghosts there #...... ####.#. #.#. #.#. #.#. ####### #####'##
.......# #....... #.......#######....... #..§§§§§#.............
#..§§CC§.............. #..§§@#§......######## #..§§X#.X...(.# #..§C§##.C...##
###§§§####.### #§#.##....... #.#§#........ # #.#...###.^ #p##).. #? #.###.. .p.
Turn 73252 on Depths:2: - so i see the difficulty with cloak of the thief

Levels and vault maps discovered:
D:1:      denvon_arrival_planthouse, layout_basic,
          ebering_ecumenical_altar_rust, minmay_cupped
D:2:      layout_loops_cross, hangedman_feature_mirror, lemuel_old_faithful,
          uniq_terence
D:3:      layout_loops_cross, portal_sewer_entry_a, serial_shops,
          nicolae_shop_waterfront, gammafunk_ghost_grave
D:4:      layout_cave_pods, minmay_temple_entry_wispy, enter_ossuary_5,
          minivault_24, dk_rats_in_the_wall
D:5:      layout_basic, chequers_serial_rivers_large_a, uniq_pikel,
          uniq_prince_ribbit1
D:6:      layout_loops_ring, grunt_temple_overflow_forces_of_nature,
          chequers_serial_rivers_micro_e
D:7:      layout_layer_cave, kennysheep_okawaru_gauntlet, uniq_harold,
          uniq_maggie
D:8:      layout_gridville, tso_oasis_becter, old_standard_altar
D:9:      layout_irregular_city, lair_entry_dummy, enter_bailey_5
D:10:     layout_cave_pools, lemuel_zombie_altar_yredelemnul, zombieorc2_lemuel,
          patterned_corridor
D:11:     layout_irregular_city, chequers_serial_rivers_room_b, uniq_maurice
D:12:     layout_grid_maze, serial_shops, kennysheep_mini_moat, st_stairs_9,
          hangedman_cracks_in_the_wall
D:13:     layout_rooms, ximxim_vaults_locker_room
D:14:     layout_stronghold, uniq_agnes
D:15:     grunt_enter_depths_magical_seal, layout_cave_pools,
          chequers_serial_rivers_small_b, uniq_rupert
Temple:   nicolae_temple_elliptical
Lair:1:   layout_cave_pods
Lair:2:   layout_gridlike, guppyfry_snake_entry_garden,
          infiniplex_staircase_pool
Lair:3:   layout_layer_cave, serial_bayou_pond_c, uniq_gastronok
Lair:4:   beast_lair_carwin_large_3, layout_gridlike,
          minmay_shoals_entry_centaurs, minmay_shattered_shrine,
          infiniplex_staircase_pool_2
Lair:5:   layout_misc_corridors, dpeg_slime_entry_enclosed_altar
Lair:6:   hellmonk_lair_end_abyssal_woods, layout_gridlike
Shoals:1: layout_shoals, uniq_kirke
Shoals:2: layout_shoals, gammafunk_ghost_necromancy,
          nicolae_shoals_kraken_intersection, uniq_roxanne, uniq_polyphemus,
          uniq_frances
Shoals:3: layout_shoals, uniq_nikola, uniq_bai_suzhen
Shoals:4: shoals_end_hangedman, layout_shoals, gammafunk_ghost_grave,
          nicolae_shoals_lost_giant_baths, uniq_aizul, uniq_donald
Snake:1:  layout_rooms, basic_altar, grunt_megastairs_4
Snake:2:  layout_basic, portal_ice_cave_entry_ice_statue_two,
          grunt_ministairs_2, nicolae_shop_overcharged_wands
Snake:3:  layout_basic, hangedman_feature_mirror
Snake:4:  hellmonk_snake_rune_quicksilver_temple, layout_basic,
          ebering_ghost_inner_flame, grunt_ministairs_3
Orc:1:    layout_caves, serial_shops, shop, uniq_erolcha
Orc:2:    st_orc_mages, layout_diamond_mine, serial_shops, shop, shop_statue,
          shop_fountains, basic_altar
Elf:1:    layout_geoelf_grid, ploomutoo_gammafunk_ghost_potion_laboratory,
          minmay_elf_crystal_hexagon
Elf:2:    nicolae_elf_blades_splatter_lattice
          [nicolae_blade_entry_sentries_behind_glass], layout_geoelf_diagonals,
          serial_shops, nicolae_square_shop, grunt_ministairs_11,
          nicolae_shop_clearance
Elf:3:    elf_hall, layout_geoelf_castle
Vaults:1: hangedman_vaults_cutoff, nicolae_vaults_three_branches,
          nicolae_vaults_specimen_jars, ontoclasm_vaults_twist,
          nicolae_vaults_lopsided_apartments, v_misc_33,
          hangedman_vaults_impose, vaults_room_grunt_arrival_checkpoint,
          nicolae_vaults_little_ls, nicolae_vaults_windows_and_doors_thing,
          vaults_room_door_hall, ontoclasm_vaults_loading_screen,
          layout_vaults_ring
Vaults:2: vaults_mumra_minichess, nicolae_vaults_little_squares_4,
          ontoclasm_vaults_fault, v_alt_pattern_2, vaults_mumra_chevron,
          grunt_vaults_funnel, nicolae_vaults_gold_heap,
          nicolae_vaults_ring_of_whatevers, nicolae_vaults_shelves_hall,
          hangedman_vaults_capsules, layout_vaults_omnigrid, mu_enter_wizlab_5
Vaults:3: nicolae_vaults_network_quinsquares
          [nicolae_vaults_network_quincunx_subvault,
          nicolae_vaults_network_quincunx_subvault,
          nicolae_vaults_network_quincunx_subvault,
          nicolae_vaults_network_quincunx_subvault],
          nicolae_vaults_back_hallway, vaults_mumra_minichess_inversion,
          minmay_crypt_entry_necro_gods, grunt_vaults_twisty,
          nicolae_vaults_sealed_display, nicolae_vaults_shelves_hall,
          vaults_mumra_hexcomb, nicolae_vaults_little_squares_6, v_misc_26,
          vaults_dpeg_ring, nicolae_vaults_ring_of_whatevers,
          ontoclasm_vaults_decontamination, grunt_vaults_focal,
          nicolae_vaults_rhombus_6, nicolae_vaults_rhombus_5,
          layout_vaults_omnibox, serial_shops, shop_fountains, shop,
          shop_statue, nicolae_shop_statue_plus, nicolae_shop_stone,
          uniq_frederick, uniq_boris
Vaults:4: ebering_vaults_ghost_inner_flame, nicolae_vaults_shelves_hall,
          hangedman_vaults_impose, hangedman_vaults_hard_town_square,
          hangedman_vaults_nails, v_misc_12, vaults_room_corners,
          vaults_dpeg_cross, dpeg_vaults_monster_box, v_misc_10,
          hangedman_vaults_corner_blocks, vaults_dpeg_spiral,
          nicolae_vaults_diagonal_hallway_8, v_alt_pattern_1,
          nicolae_vaults_theta, vaults_room_pool, layout_vaults_maze_bifur,
          uniq_jory
Depths:1: layout_gridlike, hell_entry, minmay_room_of_horrors,
          nicolae_hepliaklqana_hippocampus, grunt_megastairs_2
Depths:2: minmay_curly_fans, layout_gridlike, nicolae_twisting_strands,
          pf_hell_entry_tar_spiral, minivault_16, grunt_tough_drop
Depths:3: minmay_distorted_concentric_squares, layout_cave_pools, serial_shops,
          shop, grunt_pan_entry_sceptre, grunt_hell_entry_dis_grunt,
          infiniplex_staircase_zigzag_2, serial_bayou_shore_a, minmay_shoptagon,
          serial_bayou_shore_b

Skill      XL: |  1  2  3  4  5  6  7  8  9 10 11 12 13 14 15 16 17 18 19 20 21 22 23 24 |
---------------+-------------------------------------------------------------------------+-----
Evocations     | 4 5 6 9 10 12 13 15 | 15.0
Stealth        | 2 3 4 5 6 9 11 12 13 15 18 | 18.0
Short Blades   | 3 4 6 9 12 15 17 | 17.4
Armour         | 1 3 4 5 6 7 9 10 | 10.0
Dodging        | 3 4 6 7 9 10 12 13 15 | 15.0
Hexes          | 3 6 7 10 12 13 14 15 18 | 18.0
Invocations    | 6 9 11 12 13 15 | 15.0
Fighting       | 3 6 9 10 12 13 15 | 15.0
Spellcasting   | 3 5 6 |  6.0
Shields        | 4 6 |  6.0
Translocations | 3 6 9 |  9.0
Transmutations | 6 8 9 |  9.0
Long Blades    | 4 |  4.4

Action                   |  1- 3 |  4- 6 |  7- 9 | 10-12 | 13-15 | 16-18 | 19-21 | 22-24 || total
-------------------------+-------+-------+-------+-------+-------+-------+-------+-------++-------
Melee: Club              |    33 |       |       |       |       |       |       |       ||    33
       Short sword       |   120 |   202 |   512 |   742 |    16 |       |       |       ||  1592
       Dagger            |       |       |       |   336 |  1626 |   328 |     2 |       ||  2292
       Rapier            |       |       |       |       |       |   250 |   702 |   270 ||  1222
       Quick blade       |       |       |       |       |       |   216 |   726 |       ||   942
       Knife             |       |       |       |       |       |       |    52 |   760 ||   812
 Fire: Hunting sling     |       |       |    30 |    16 |       |       |       |       ||    46
Throw: Stone             |     6 |    26 |     2 |       |       |       |       |       ||    34
       Dart              |       |       |     9 |    14 |    26 |    14 |     3 |     3 ||    69
 Cast: Confusing Touch   |       |       |     4 |    92 |   216 |    74 |   143 |   168 ||   697
       Blink             |       |       |       |       |     2 |    14 |    36 |    21 ||    73
       Invisibility      |       |       |       |       |       |    13 |    11 |    10 ||    34
       Tukima's Dance    |       |       |       |       |       |     2 |    30 |    43 ||    75
       Apportation       |       |       |       |       |       |     1 |     2 |       ||     3
       Yara's Violent Un |       |       |       |       |       |       |    17 |    16 ||    33
Invok: Heal Other        |       |       |     2 |     1 |    33 |    17 |    15 |     8 ||    76
       Lesser Healing    |       |       |     1 |     3 |     4 |     3 |     7 |     2 ||    20
       Greater Healing   |       |       |       |     1 |     1 |     6 |     6 |     6 ||    20
       Purification      |       |       |       |       |       |     2 |       |     2 ||     4
       Divine Vigour     |       |       |       |       |       |     1 |       |     3 ||     4
Evoke: Wand              |     3 |    15 |    14 |     9 |    17 |    47 |    38 |    16 ||   159
       Piece from Xom's  |     1 |     1 |     7 |     4 |       |       |     5 |    16 ||    34
       Lightning rod     |       |       |       |       |       |       |    10 |     4 ||    14
       Box of beasts     |       |       |       |       |       |       |     2 |     1 ||     3
       Tin of tremorston |       |       |       |       |       |       |     4 |     1 ||     5
       Phial of floods   |       |       |       |       |       |       |       |     3 ||     3
  Use: Scroll            |       |     4 |     6 |     4 |    14 |     9 |    12 |     9 ||    58
       Potion            |       |       |     5 |       |     1 |     8 |     8 |     7 ||    29
 Stab: Sleeping          |    14 |    18 |    28 |    50 |    83 |    62 |    93 |   322 ||   670
       Distracted        |       |     1 |     2 |     1 |     4 |       |     6 |     5 ||    19
       Invisible         |       |       |     2 |       |       |    38 |    29 |     2 ||    71
       Confused          |       |       |     8 |    99 |   214 |    78 |   135 |     5 ||   539
       Held in net/web   |       |       |       |       |       |     3 |       |       ||     3
       Paralysed         |       |       |       |       |       |       |     1 |       ||     1
Armor: Leather armour    |    39 |     1 |       |       |       |       |       |       ||    40
       Troll leather arm |       |    23 |    84 |   151 |   178 |    58 |    78 |    40 ||   612
       Quicksilver drago |       |       |       |       |       |       |       |    51 ||    51
Dodge: Dodged            |   115 |    93 |   375 |   460 |   670 |   341 |   617 |   471 ||  3142
Block: Other             |       |       |    94 |   123 |   123 |       |       |       ||   340
       Reflection        |       |       |     1 |       |    20 |    12 |    35 |    19 ||    87
       Buckler           |       |       |       |       |   189 |   293 |   460 |   370 ||  1312
